 Dungeon Crawl Stone Soup version 0.17-a0-1708-gbd78d88 (console) character file.

50 Monkaria the Scratcher (level 3, 0/25 HPs)
             Began as a Felid Berserker on Aug 22, 2015.
             Was a Follower of Trog.
             Succumbed to an adder's poison
             ... on level 2 of the Dungeon.
             The game lasted 00:00:55 (1393 turns).

Monkaria the Scratcher (Felid Berserker)            Turns: 1393, Time: 00:00:55

Health: 0/25       AC:  1    Str: 19    XL:     3   Next: 55%
Magic:  4/4        EV: 19    Int: 13    God:    Trog [*.....]
Gold:   116        SH:  0    Dex: 15    Spells: 0 memorised, 2 levels left
                                        Lives:  0   Deaths: 0

rFire  . . .     SeeInvis +       - Unarmed
rCold  . . .     Clarity  .     (armour unavailable)
rNeg   . . .     SustAt   .     (shield unavailable)
rPois  .         Gourm    .     (helmet unavailable)
rElec  .         Spirit   .     (cloak unavailable)
rCorr  .         Warding  .     (gloves unavailable)
rMut   .         Stasis   .     (boots unavailable)
MR     .....                    (no amulet)
Stlth  ..........               (no ring)
                                (no ring)

@: brilliant, berserking, lethally poisoned (0 -> -10), very quick, not
resistant to hostile enchantments, extremely unstealthy
A: no armour, no weapons or thrown items, claws 1, fangs 3, see invisible,
carnivore 3, speed 1, shaggy fur 1, slow metabolism 1, sharp paws
a: Burn Spellbooks, Berserk, Renounce Religion


You were on level 2 of the Dungeon.
You worshipped Trog.
Trog was aware of your devotion.
You were very full.

You visited 1 branch of the dungeon, and saw 2 of its levels.

You collected 116 gold pieces.

Inventory:

Scrolls
 b - a scroll of recharging {unknown}
 c - a scroll of identify {unknown}
 d - 2 scrolls of remove curse {unknown}
 h - a scroll of enchant armour {unknown}
 i - a scroll of teleportation {unknown}
Potions
 e - a potion of resistance {unknown}
 g - a potion of brilliance
 j - a potion of flight {unknown}
 k - a potion of curing {unknown}
Comestibles
 a - 3 meat rations
 f - a beef jerky
 l - a slice of pizza


   Skills:
 - Level 3.0 Fighting
 - Level 4.0 Dodging
 + Level 4.6 Unarmed Combat


You had 2 spell levels left.
You didn't know any spells.

Dungeon Overview and Level Annotations

Branches:
Dungeon (2/15)

Altars:
Yredelemnul


Innate Abilities, Weirdness & Mutations

You cannot wear armour.
You are incapable of wielding weapons or throwing items.
You have sharp claws.
You have razor-sharp teeth.
You have supernaturally acute eyesight.
You are carnivorous and can eat meat at any time.
You cover ground quickly.
You are covered in fur (AC +1).
You have a slow metabolism.
Your sharp claws are effective at attacking unaware monsters.


Message History

The adder is almost dead.
The adder bites you.
* * * LOW HITPOINT WARNING * * *
You are more poisoned.
The adder poisons you!
You scratch the adder. Your bite misses the adder.
The adder is almost dead.
* * * LOW HITPOINT WARNING * * *
You feel sick.
You barely miss the adder. You bite the adder.
You kill the adder!
Trog accepts your kill.
* * * LOW HITPOINT WARNING * * *
You feel sick.
You see here an adder corpse.
You butcher the adder corpse.
You enjoyed that.
You see here a chunk of flesh.
Eat a chunk of flesh? (ye/n/q/i?) This raw flesh tastes great.
You die...

#....# #...##.....###.##
# #.##.#
#.#.....)..##...#### #
#.##..........#.....
#.##.##.##.##...###.
..##.##.##.#.....##.
###.##.##.#.....##†
#.##.##.#.....##.
###.##.##.#.....##. #
#.@....##.......##.
?##.###.#........##.#####
........#######..##.#
###.................#
#####.######...####
####.######...###
#...............#
#.##.####.......# ..
#.#.# #.......#


There were no monsters in sight!

Vanquished Creatures
  2 adders (D:2)
  An ooze (D:2)
  3 worms (D:2)
  A ball python (D:2)
  A giant cockroach (D:1)
  3 goblins
  2 hobgoblins (D:1)
  3 bats (D:1)
  A giant newt (D:2)
  A kobold (D:2)
  A quokka (D:2)
  2 rats
21 creatures vanquished.

Notes
Turn   | Place    | Note
--------------------------------------------------------------
     0 | D:1      | Monkaria the Felid Berserker began the quest for the Orb.
     0 | D:1      | Reached XP level 1. HP: 10/10 MP: 2/2
   516 | D:1      | Reached XP level 2. HP: 11/14 MP: 3/3
   915 | D:2      | Found a basalt altar of Yredelemnul.
  1221 | D:2      | Reached XP level 3. HP: 8/17 MP: 4/4
  1389 | D:2      | HP: 1/25 [poisoned by an adder]
  1393 | D:2      | Succumbed to an adder's poison

Vault maps used:
D:1:      elethiomel_arrival_shortcut
D:2:      lemuel_round_altar

Action                   || total
-------------------------++-------
Melee: Unarmed           ||    67
Invok: Berserk           ||     1
  Use: Potion            ||     1
 Stab: Sleeping          ||     9
  Eat: Chunk             ||     7
